[Event "*** Titled Tuesday Blitz"]
[Site "Chess.com"]
[Date "2020.04.21"]
[Round "6"]
[White "Ovsiannikov_Maxim"]
[Black "poliplaza"]
[Result "1/2-1/2"]
[WhiteElo "2227"]
[BlackElo "2404"]
[TimeControl "180+1"]
[EndTime "11:07:01 PDT"]
[Termination "Game drawn by repetition"]

1. d4 c5 2. d5 Nf6 3. Bg5 e5 4. dxe6 fxe6 5. e4 Nc6 6. Nf3 Be7 7. Nc3 O-O 8. e5 Ng4 9. Bxe7 Qxe7 10. Bd3 Ncxe5 11. Nxe5 Nxe5 12. Bxh7+ Kxh7 13. Qh5+ Kg8 14. Qxe5 d6 15. Qe2 Bd7 16. O-O Bc6 17. Rad1 Rf6 18. f3 Rh6 19. Ne4 Rf8 20. Nxd6 Qh4 21. h3 Qg3 22. Ne4 Bxe4 23. Qxe4 e5 24. Qg4 Qxg4 25.
fxg4 Rb6 26. Rxf8+ Kxf8 27. b3 c4 28. Rd5 cxb3 29. cxb3 Re6 30. Rd7 e4 31. Rxb7 Rf6 32. Rxa7 e3 33. Ra8+ Kf7 34. Ra7+ Kf8 35. Ra8+ Kf7 36.
Ra7+ Kf8 1/2-1/2

[Event "*** Titled Tuesday Blitz"]
[Site "Chess.com"]
[Date "2020.04.21"]
[Round "6"]
[White "Tonychess32"]
[Black "yavrukurt40"]
[Result "1-0"]
[WhiteElo "2663"]
[BlackElo "2778"]
[TimeControl "180+1"]
[EndTime "11:07:02 PDT"]
[Termination "Tonychess32 won by resignation"]

1. e4 c5 2. Nf3 Nc6 3. c3 e5 4. Bc4 Nf6 5. d3 Be7 6. Bb3 O-O 7. O-O d6 8. Re1 h6 9. h3 Be6 10. Nbd2 Rc8 11. Qe2 b5 12. Nf1 Na5 13. Bxe6 fxe6 14.
d4 exd4 15. cxd4 c4 16. e5 dxe5 17. dxe5 Nd5 18. Qe4 Bb4 19. Rd1 Qe8 20. Ne3 Nf4 21. Nc2 Nd3 22. Rxd3 cxd3 23. Nxb4 Rc4 24. Qxd3 Rxb4 25.
Bd2 Qe7 26. Bxb4 Qxb4 27. b3 Nc6 28. Rc1 Ne7 29. Qd6 Qxd6 30. exd6 Nd5 31. Ne5 Rd8 32. d7 Nb6 33. Rc7 Kf8 34. Rxa7 g5 35. Rb7 1-0

[Event "*** Titled Tuesday Blitz"]
[Site "Chess.com"]
[Date "2020.04.21"]
[Round "6"]
[White "WhiteKnight2612"]
[Black "Vamostodorecto"]
[Result "1-0"]
[WhiteElo "2647"]
[BlackElo "2485"]
[TimeControl "180+1"]
[EndTime "11:07:04 PDT"]
[Termination "WhiteKnight2612 won on time"]

1. Nf3 d5 2. g3 Nc6 3. Bg2 e5 4. d3 Bg4 5. O-O Qd7 6. Nc3 d4 7. Ne4 Bh3 8. Bxh3 Qxh3 9. c3 O-O-O 10. cxd4 Nxd4 11. Nxe5 Qh5 12. f4 Nxe2+ 13. Kg2 f6 14. Nc4 g6 15. Be3 f5 16. Ng5 Nf6 17. Nf3 Ng4 18.
Qxe2 Re8 19. Rae1 Bc5 20. d4 1-0

[Event "*** Titled Tuesday Blitz"]
[Site "Chess.com"]
[Date "2020.04.21"]
[Round "6"]
[White "kleopl"]
[Black "talaicito"]
[Result "0-1"]
[WhiteElo "2437"]
[BlackElo "2287"]
[TimeControl "180+1"]
[EndTime "11:07:06 PDT"]
[Termination "talaicito won by resignation"]

1. c4 e6 2. Nc3 f5 3. g3 Nf6 4.
Bg2 Be7 5. e4 fxe4 6. Nxe4 Nxe4 7. Bxe4 Bf6 8. Qh5+ g6 9. Qh6 d5 10. cxd5 exd5 11. Bxg6+ hxg6 12. Qxg6+ Kf8 13. Nf3 Qe8+ 14. Qxe8+ Kxe8 15. d4 Nc6 16. Be3 Bg4 17. Ne5 Nxe5 18. dxe5 Bxe5 19. Kd2 Bf3 20. Rhe1 Kd7 21. h4 Rae8 22.
Kc2 Be4+ 23. Kb3 d4 24. Bd2 Bd5+ 25. Kc2 Rhf8 26. f4 Bd6 27. Rxe8 Rxe8 28. Re1 Rxe1 29. Bxe1 c5 30. Bd2 Bf3 31. Kd3 b5 32. Be1 Ke6 33.
b3 Kd5 34. Ba5 c4+ 35. Kd2 c3+ 36. Kc2 b4 37. f5 Be4+ 38. Kd1 Bxf5 0-1

[Event "*** Titled Tuesday Blitz"]
[Site "Chess.com"]
[Date "2020.04.21"]
[Round "6"]
[White "Xeniya2005"]
[Black "Diego_FloresQ"]
[Result "1-0"]
[WhiteElo "2270"]
[BlackElo "2406"]
[TimeControl "180+1"]
[EndTime "11:07:07 PDT"]
[Termination "Xeniya2005 won by checkmate"]

1. e4 c5 2. Nf3 e6 3. d4 cxd4 4. Nxd4 Nf6 5. Nc3 d6 6. Be3 a6 7.
g3 b5 8. Bg2 Bb7 9. a3 Nbd7 10.
O-O Qc7 11. Re1 Be7 12. Qe2 O-O 13. f4 Rac8 14. Rad1 Rfe8 15. Nb3 Qb8 16. g4 Rxc3 17.
bxc3 Nxe4 18. Bd4 d5 19. Rf1 Bd6 20. Qe3 Nf8 21. Nd2 f5 22. Nxe4 dxe4 23. gxf5 exf5 24. Qg3 Ng6 25. Be3 Bxa3 26. h4 Nf8 27. Bh3 Qc8 28. Bd4 Bc5 29. Qxg7# 1-0

[Event "*** Titled Tuesday Blitz"]
[Site "Chess.com"]
[Date "2020.04.21"]
[Round "6"]
[White "jacky72"]
[Black "Riptide27"]
[Result "1-0"]
[WhiteElo "2712"]
[BlackElo "2491"]
[TimeControl "180+1"]
[EndTime "11:07:08 PDT"]
[Termination "jacky72 won by resignation"]

1. d4 c5 2. d5 g6 3. c4 Bg7 4. e4 d6 5. Nc3 Nf6 6. Bd3 O-O 7. h3 a6 8. a4 e6 9. Nf3 exd5 10.
exd5 Re8+ 11. Be3 Bh6 12. O-O Bxe3 13. fxe3 Qe7 14. e4 Nbd7 15. Qd2 Ne5 16. Nxe5 Qxe5 17. Qf2 Kg7 18. Rae1 Bd7 19. Re3 Re7 20. Rf3 Ng8 21.
Rxf7+ Kh8 22. Rxe7 Qxe7 23. Qf7 Re8 24. Qxe7 Rxe7 25. a5 Kg7 26. g4 Nf6 27. Kg2 Be8 28.
Kg3 Nd7 29. Be2 g5 30. h4 h6 31. hxg5 hxg5 32. Rf5 Re5 33. Bd3 Bg6 34. Rf1 Re8 35. Rb1 Rf8 36. b4 Rf4 37. b5 Ne5 38. bxa6 bxa6 39.
Rb7+ Kf8 40. Be2 Bxe4 41. Rb6 Bd3 42. Bxd3 Nxd3 43. Rxa6 Rxc4 44. Nb5 Rc3 45. Nxc3 1-0

[Event "*** Titled Tuesday Blitz"]
[Site "Chess.com"]
[Date "2020.04.21"]
[Round "6"]
[White "KarpovVadim"]
[Black "UCantHandleDenker"]
[Result "0-1"]
[WhiteElo "2319"]
[BlackElo "2528"]
[TimeControl "180+1"]
[EndTime "11:07:11 PDT"]
[Termination "UCantHandleDenker won by resignation"]

1. Nf3 Nf6 2. c4 g6 3. g3 Bg7 4.
Bg2 O-O 5. O-O d6 6. Nc3 Nc6 7. d3 e5 8. Rb1 a5 9. a3 h6 10. b4 axb4 11. axb4 Be6 12. b5 Ne7 13. Bb2 Qd7 14.
Re1 Bh3 15. Bh1 Ng4 16. Nd2 Rab8 17. Ra1 f5 18. Ra7 b6 19. Nd5 Nxd5 20. Bxd5+ Kh8 21. e3 g5 22. Qa1 f4 23. exf4 gxf4 24. Ne4 fxg3 25.
hxg3 Rbc8 26. Qd1 Qf5 27. Qe2 Qg6 28. Bc1 Nxf2 29. Nxf2 Qxg3+ 0-1

[Event "*** Titled Tuesday Blitz"]
[Site "Chess.com"]
[Date "2020.04.21"]
[Round "6"]
[White "albano87"]
[Black "SCIM"]
[Result "0-1"]
[WhiteElo "2372"]
[BlackElo "2543"]
[TimeControl "180+1"]
[EndTime "11:07:12 PDT"]
[Termination "SCIM won by resignation"]

1. d4 Nf6 2. Nf3 g6 3. g3 Bg7 4. Bg2 d5 5. O-O O-O 6. c4 dxc4 7. Na3 c3 8. bxc3 c5 9. Ne5 Nc6 10. Nac4 Nxe5 11. Nxe5 Nd5 12. Bb2 Bxe5 13. dxe5 Be6 14. f4 c4 15. Bxd5 Bxd5 16. Qd4 Qb6 17. Ba3 Qxd4+ 18.
cxd4 Rfe8 19. Rab1 b6 20. Rfe1 Be4 21. Rb4 Rac8 22.
Kf2 c3 23. Rc1 c2 24. Bb2 f5 25. Ke3 Kf7 26. Kd2 Ke6 27. e3 Rc6 28. a3 Rec8 29. Rb3 Kd5 30. Rb5+ Ke6 31. Rb3 h6 32. h4 Rc4 33. Rc3 Rxc3 34. Bxc3 Kd5 35. Bb4 Rc7 36. Rh1 Bxh1 0-1

[Event "*** Titled Tuesday Blitz"]
[Site "Chess.com"]
[Date "2020.04.21"]
[Round "6"]
[White "agus_k"]
[Black "Gareth-Bale11"]
[Result "1-0"]
[WhiteElo "2617"]
[BlackElo "2749"]
[TimeControl "180+1"]
[EndTime "11:07:13 PDT"]
[Termination "agus_k won by resignation"]

1. d4 Nf6 2. Nf3 e6 3. g3 b5 4.
Bg2 Bb7 5. O-O Be7 6. a4 b4 7. c4 O-O 8. b3 c5 9. Bb2 cxd4 10. Nxd4 Bxg2 11. Kxg2 Qc8 12. Nd2 Qb7+ 13. f3 d5 14. cxd5 Nxd5 15. Nc4 Nd7 16. e4 N5b6 17. Na5 Qa6 18.
Ndc6 Bc5 19. Rc1 Rfe8 20. Rxc5 Nxc5 21. Qd4 f6 22. Qxc5 Rac8 23. Ne7+ Rxe7 24. Qxe7 Qxa5 25. Qxe6+ Kh8 26. Rc1 Rf8 27. Qe7 Kg8 28. Rc7 Qg5 29. h4 Qd2+ 30. Kh3 Qh6 31. a5 Na8 32. Rxa7 Qg6 33. Bd4 h5 34. Qe6+ Kh8 35. Qf5 Qf7 36. Rxf7 Rxf7 1-0

[Event "*** Titled Tuesday Blitz"]
[Site "Chess.com"]
[Date "2020.04.21"]
[Round "6"]
[White "Gentlejimmy7"]
[Black "Natalya_Buksa"]
[Result "0-1"]
[WhiteElo "2602"]
[BlackElo "2487"]
[TimeControl "180+1"]
[EndTime "11:07:15 PDT"]
[Termination "Natalya_Buksa won by checkmate"]

1. d4 d5 2. Nf3 e6 3. g3 Nf6 4. Bg2 Be7 5. O-O O-O 6. c4 dxc4 7. Qc2 c6 8. Qxc4 b5 9. Qc2 Bb7 10. Bd2 Nbd7 11. Nc3 a6 12. a3 c5 13. dxc5 Nxc5 14.
b4 Nce4 15. Nxe4 Bxe4 16. Qb2 Rc8 17. Rfd1 Qb6 18. Be3 Qb7 19. Rac1 h6 20. Bd4 Rfd8 21. Ne1 Bxg2 22. Nxg2 Rxc1 23. Rxc1 Qd5 24. Ne3 Qxd4 25. Qc2 Qd2 26. Qc7 Qb2 27. Kg2 Kf8 28. Rc3 Qxe2 29. Qe5 Qd2 30. Rc6 Qd4 31. Qxd4 Rxd4 32. Rxa6 g5 33. h3 Rd2 34. Kf3 Nd5 35. Nxd5 Rxd5 36. Ke4 Bf6 37. f4 gxf4 38. gxf4 Rd4+ 39. Ke3 Rc4 40.
Ra5 Rc3+ 41. Ke4 Rxh3 42. Rxb5 Rxa3 43. Rb8+ Kg7 44. b5 Bb2 45. b6 f5# 0-1

[Event "*** Titled Tuesday Blitz"]
[Site "Chess.com"]
[Date "2020.04.21"]
[Round "6"]
[White "Filip_Covic"]
[Black "AttilaTurzo"]
[Result "0-1"]
[WhiteElo "2301"]
[BlackElo "2462"]
[TimeControl "180+1"]
[EndTime "11:07:15 PDT"]
[Termination "AttilaTurzo won by resignation"]

1. d4 d5 2. c4 c6 3. Nc3 Nf6 4. Nf3 a6 5. c5 g6 6. h3 Bg7 7. Bf4 O-O 8. e3 Re8 9. Be2 Nfd7 10. O-O e5 11. dxe5 Nxe5 12. Nxe5 Bxe5 13. Bxe5 Rxe5 14.
b4 Qh4 15. Qd4 Qe7 16. Bg4 Bxg4 17. Qxg4 Nd7 18. Rfd1 f5 19. Qf3 Nf6 20. Rd4 Rf8 21.
Ne2 Ne4 22. Nf4 g5 23. Nd3 Re6 24. Rc1 Rg6 25. Qe2 Qg7 26. f3 Ng3 27. Qf2 f4 28. exf4 Qxd4 0-1

[Event "*** Titled Tuesday Blitz"]
[Site "Chess.com"]
[Date "2020.04.21"]
[Round "6"]
[White "mishanick"]
[Black "stefan_95"]
[Result "0-1"]
[WhiteElo "3036"]
[BlackElo "2662"]
[TimeControl "180+1"]
[EndTime "11:07:17 PDT"]
[Termination "stefan_95 won by resignation"]

1. d4 Nf6 2. c4 e6 3. Nf3 b6 4. g3 Ba6 5. Qc2 Bb4+ 6. Bd2 Be7 7. e4 d5 8. cxd5 Bxf1 9. Kxf1 exd5 10. e5 Ne4 11. Nc3 Nxc3 12. bxc3 Qd7 13. Kg2 Nc6 14. h4 Nd8 15. c4 Ne6 16. Be3 dxc4 17. Qxc4 O-O-O 18.
a4 Qd5 19. Qa6+ Qb7 20. Qd3 c5 21. Rhc1 Kb8 22. a5 Nxd4 23. Bxd4 Rxd4 24. Qf5 Rhd8 25. axb6 axb6 26. Rc3 c4 27. Qxf7 Rf8 28. Qxg7 Rd3 29.
Rxd3 cxd3 30. Qg4 Bc5 31. e6 Qd5 32. Re1 d2 33. Rd1 h5 34. Rxd2 Qxd2 35. Nxd2 Rxf2+ 36. Kg1 Rxd2+ 0-1

[Event "*** Titled Tuesday Blitz"]
[Site "Chess.com"]
[Date "2020.04.21"]
[Round "6"]
[White "MrVenky"]
[Black "Sharpchess22"]
[Result "0-1"]
[WhiteElo "2541"]
[BlackElo "2755"]
[TimeControl "180+1"]
[EndTime "11:07:17 PDT"]
[Termination "Sharpchess22 won by resignation"]

1. Nf3 Nf6 2. g3 g6 3. Bg2 Bg7 4. d3 O-O 5. e4 d5 6. Nbd2 c5 7. O-O Nc6 8. Re1 e5 9. c3 d4 10.
Nc4 Re8 11. a4 h6 12. cxd4 cxd4 13. Bd2 a5 14. Qb3 Ra6 15. Rac1 Bf8 16. Qb5 Nd7 17. Bh3 f6 18. Nd6 Bxd6 19. Qd5+ Kg7 20. Qxd6 Nb4 21. Qc7 Nxd3 22. Bxd7 Qxd7 23. Qxd7+ Bxd7 24. Rc7 Rd6 25. Ra1 b6 26. b3 Rc8 27. Rb7 Rc2 28. Kf1 Nc5 29. Ra7 Nxb3 30. Rd1 g5 31. Ke2 Kg6 32. Kd3 Rc8 33. Rb1 Bxa4 0-1

[Event "*** Titled Tuesday Blitz"]
[Site "Chess.com"]
[Date "2020.04.21"]
[Round "6"]
[White "Boorchess"]
[Black "FROGGY64"]
[Result "0-1"]
[WhiteElo "2549"]
[BlackElo "2418"]
[TimeControl "180+1"]
[EndTime "11:07:17 PDT"]
[Termination "FROGGY64 won by resignation"]

1. d4 e6 2. c4 b6 3. a3 Bb7 4.
Nc3 f5 5. Nf3 Nf6 6. g3 Be7 7. Bg2 O-O 8. O-O Ne4 9. d5 Nxc3 10.
bxc3 Bf6 11. Nd4 c5 12. Nb5 e5 13. Nd6 Ba6 14. Qa4 g6 15. e4 Qe7 16. Nb5 Bxb5 17.
cxb5 d6 18. Bh6 Bg7 19. Bxg7 Qxg7 20. Bh3 Nd7 21. Rae1 f4 22. f3 fxg3 23. hxg3 Nf6 24. Kg2 Nh5 25. Qc2 Qh6 26. Qc1 Qg7 27. Rh1 Qf6 28. Bg4 Kh8 29. Ref1 Qf7 30. Bxh5 gxh5 31. Qh6 Rg8 32. Qxh5 Rg6 33. Rh3 Rag8 34. Rfh1 R8g7 35. Qf5 Qg8 36. g4 Rf7 37. Rxh7+ Rxh7 0-1

[Event "*** Titled Tuesday Blitz"]
[Site "Chess.com"]
[Date "2020.04.21"]
[Round "6"]
[White "BabyBoss31"]
[Black "quesfr"]
[Result "1/2-1/2"]
[WhiteElo "2347"]
[BlackElo "2195"]
[TimeControl "180+1"]
[EndTime "11:07:19 PDT"]
[Termination "Game drawn by repetition"]

1. d4 d5 2. c4 e6 3. Nf3 Nf6 4. g3 Bb4+ 5. Bd2 Bd6 6. Bg2 c6 7. Qc2 Nbd7 8. O-O O-O 9. Bg5 h6 10. Bxf6 Nxf6 11. Nbd2 b6 12. e4 dxe4 13. Nxe4 Be7 14.
Rfd1 Bb7 15. Ne5 Qc7 16. f4 c5 17. dxc5 Nxe4 18. Bxe4 Bxc5+ 19. Kg2 Rad8 20. Bf3 Bxf3+ 21. Nxf3 Rxd1 22. Rxd1 Rd8 23. a3 a5 24. Re1 Qc6 25. Qe2 g5 26. fxg5 hxg5 27. g4 Rd4 28. h3 Rf4 29. Rf1 Re4 30. Qd3 Re3 31. Qd8+ Kg7 32. Qxg5+ Kf8 33. Qd8+ Kg7 34. Qg5+ Kf8 35. Qd8+ Kg7 36.
Qg5+ 1/2-1/2

[Event "*** Titled Tuesday Blitz"]
[Site "Chess.com"]
[Date "2020.04.21"]
[Round "6"]
[White "Zubrrr"]
[Black "plumalka"]
[Result "0-1"]
[WhiteElo "2666"]
[BlackElo "2448"]
[TimeControl "180+1"]
[EndTime "11:07:20 PDT"]
[Termination "plumalka won by resignation"]

1. c4 c5 2. g3 Nc6 3. Nc3 g6 4.
Bg2 Bg7 5. Nf3 e5 6. O-O Nge7 7. Ne1 d6 8. Nc2 Be6 9. Ne3 a6 10. d3 Rb8 11. Ned5 O-O 12. Bg5 f6 13. Bd2 b5 14. b3 b4 15. Nxe7+ Nxe7 16. Na4 f5 17.
Rc1 Bd7 18. Nb2 Bc6 19. e4 f4 20. Bh3 Bd7 21. Bxd7 Qxd7 22. f3 Qh3 23. g4 h5 24.
gxh5 Qxh5 25. Qe2 Kf7 26. Kh1 Rh8 27. Rf2 Bf6 28. Rg1 Rh6 29. Rg4 Rbh8 30. Rfg2 Bh4 31. Nd1 Ng8 32. Be1 Bxe1 33. Qxe1 Qxh2+ 34. Rxh2 Rxh2+ 35. Kg1 Rh1+ 36. Kf2 R8h2+ 0-1

[Event "*** Titled Tuesday Blitz"]
[Site "Chess.com"]
[Date "2020.04.21"]
[Round "6"]
[White "Gajuchess"]
[Black "StegariuVlad"]
[Result "1-0"]
[WhiteElo "2722"]
[BlackElo "2514"]
[TimeControl "180+1"]
[EndTime "11:07:20 PDT"]
[Termination "Gajuchess won by resignation"]

1. Nf3 d5 2. g3 Nf6 3. Bg2 c6 4. O-O Bf5 5. d3 h6 6. c4 e6 7. Nc3 Be7 8. cxd5 exd5 9. Qb3 Qb6 10. Qc2 O-O 11. e4 dxe4 12. dxe4 Bh7 13. Be3 Qb4 14. a3 Bxe4 15. axb4 Bxc2 16. Nd4 Bg6 17. b5 Ng4 18. Bf4 Bf6 19. Rfd1 Rd8 20. bxc6 Nxc6 21. Nxc6 bxc6 22.
Bxc6 Rxd1+ 23. Rxd1 Rc8 24. Bd7 Rc5 25. Bxg4 Bxc3 26.
bxc3 Rxc3 27. Ra1 Be4 28. Rxa7 Rb3 29. Ra1 Rb1+ 30. Rxb1 Bxb1 31. h4 Kh7 32. Kf1 g6 33.
Ke2 f6 34. Bd2 Kg7 35. Ke3 Ba2 36. Kd4 Bb1 37. Kd5 Ba2+ 38. Kd6 h5 39. Be6 Bb1 40.
Bc3 1-0

[Event "*** Titled Tuesday Blitz"]
[Site "Chess.com"]
[Date "2020.04.21"]
[Round "6"]
[White "NTBT_DHS"]
[Black "hellokostya"]
[Result "1-0"]
[WhiteElo "2627"]
[BlackElo "2475"]
[TimeControl "180+1"]
[EndTime "11:07:20 PDT"]
[Termination "NTBT_DHS won by resignation"]

1. d4 Nf6 2. Nc3 d5 3. Bg5 e6 4.
e4 Be7 5. e5 Nfd7 6. Bxe7 Qxe7 7.
f4 a6 8. Nf3 c5 9. Qd2 Nc6 10.
O-O-O b5 11. Qe3 b4 12. Na4 c4 13. b3 c3 14. g4 Na7 15. f5 Nb5 16. h4 Na3 17.
Bd3 Bb7 18. fxe6 fxe6 19. Ng5 O-O-O 20. Rdf1 Rdf8 21. Rxf8+ Nxf8 22. Rf1 h6 23. Nf7 Rg8 24. Nd6+ Kb8 25. Rf7 Qxf7 26. Nxf7 Nd7 27. g5 hxg5 28. hxg5 g6 29. Qh3 Nf8 30. Qh6 Bc6 31. Nc5 Be8 32. Nd6 Bc6 33. Nxa6+ Ka7 34. Nxb4 1-0

[Event "*** Titled Tuesday Blitz"]
[Site "Chess.com"]
[Date "2020.04.21"]
[Round "6"]
[White "FearNoEvil12"]
[Black "Sjakkerntobi"]
[Result "1-0"]
[WhiteElo "2022"]
[BlackElo "2200"]
[TimeControl "180+1"]
[EndTime "11:07:20 PDT"]
[Termination "FearNoEvil12 won by resignation"]

1. e4 e6 2. d4 d5 3. Nc3 Bb4 4. Qd3 Ne7 5. a3 Bxc3+ 6. bxc3 c5 7. e5 Nbc6 8. Be3 b6 9. Nf3 a5 10. Qd2 Ba6 11. Bxa6 Rxa6 12. O-O O-O 13. Bg5 h6 14.
Bxe7 Qxe7 15. Qf4 Raa8 16. Rfe1 Rac8 17. Re3 cxd4 18. cxd4 a4 19. c3 Na5 20. Nd2 Qg5 21. Qxg5 hxg5 22. Rb1 Rc6 23. Rb4 Rfc8 24. h3 Nc4 25.
Nxc4 Rxc4 26. Rxb6 Rxc3 27. Ra6 Rxe3 28. fxe3 Rc4 29.
Kf2 Kh7 30. Kf3 Kg6 31. g4 Kh7 32. Ra7 Rc3 33. Rxa4 f5 34. gxf5 exf5 35. Ra5 Kg6 36. Rxd5 Rxa3 37. Rd6+ Kh5 38. Rd7 g4+ 39. hxg4+ fxg4+ 40. Kf4 Ra4 41. Rxg7 Ra8 42. Rh7+ Kg6 43. Rb7 Ra3 44.
Kxg4 Rxe3 45. Kf4 Re1 46. d5 Rf1+ 47. Ke4 Re1+ 48. Kd4 Kf5 49. Rf7+ Kg6 50. Rf2 Rd1+ 51. Kc5 Rc1+ 52. Kd6 Ra1 53. e6 Ra6+ 54. Ke5 1-0

[Event "*** Titled Tuesday Blitz"]
[Site "Chess.com"]
[Date "2020.04.21"]
[Round "6"]
[White "NastaJ"]
[Black "Saloni1299"]
[Result "1-0"]
[WhiteElo "1915"]
[BlackElo "2281"]
[TimeControl "180+1"]
[EndTime "11:07:21 PDT"]
[Termination "NastaJ won by checkmate"]

1. e4 e6 2. d3 d5 3. exd5 exd5 4. Nf3 Nf6 5. Be2 Bd6 6. O-O O-O 7. Bg5 h6 8. Bh4 Bf5 9. d4 c5 10. Nc3 c4 11.
Nxd5 Nbd7 12. Nxf6+ Nxf6 13. Ne5 c3 14. bxc3 Qc7 15.
Bxf6 gxf6 16. Ng4 Bxg4 17. Bxg4 Qxc3 18. Bf5 Rfe8 19. Qg4+ Kh8 20. Qh5 Kg7 21. Rad1 Re7 22. Rd3 Qc4 23. f4 Kf8 24. Qxh6+ Ke8 25. Qh8# 1-0

[Event "*** Titled Tuesday Blitz"]
[Site "Chess.com"]
[Date "2020.04.21"]
[Round "6"]
[White "YPradafah"]
[Black "Jenia84"]
[Result "1-0"]
[WhiteElo "2470"]
[BlackElo "2298"]
[TimeControl "180+1"]
[EndTime "11:07:23 PDT"]
[Termination "YPradafah won by checkmate"]

1. d4 Nf6 2. c4 e6 3. Nf3 b6 4. g3 Bb7 5. Bg2 Be7 6. O-O O-O 7. Nc3 Ne4 8. Bd2 d6 9. Rc1 Nd7 10. Nxe4 Bxe4 11. Bc3 Rc8 12. b4 c5 13. dxc5 dxc5 14. b5 Bf6 15. Qd2 Bxc3 16. Qxc3 Nf6 17. Rfd1 Qc7 18. Bh3 Rfd8 19. Qe5 Qxe5 20. Nxe5 Kf8 21. Bg2 Bxg2 22. Kxg2 Ke8 23. f3 Rxd1 24. Rxd1 Rc7 25.
Nc6 Nd7 26. a4 a6 27. e4 a5 28. f4 Rb7 29. Rd6 Nb8 30. Rd8# 1-0

[Event "*** Titled Tuesday Blitz"]
[Site "Chess.com"]
[Date "2020.04.21"]
[Round "6"]
[White "abhidabhi"]
[Black "ChesterF"]
[Result "1-0"]
[WhiteElo "2809"]
[BlackElo "2535"]
[TimeControl "180+1"]
[EndTime "11:07:24 PDT"]
[Termination "abhidabhi won by resignation"]

1. c4 e6 2. b3 d5 3. Bb2 Nf6 4. e3 c5 5. Nf3 Nc6 6. cxd5 exd5 7. d4 cxd4 8. Nxd4 Bd6 9. Be2 O-O 10. O-O Qe7 11.
Nd2 Rd8 12. Rc1 Ne5 13. N2f3 Neg4 14. h3 Nxe3 15. fxe3 Qxe3+ 16. Kh1 Ne4 17. g4 h5 18.
Rxc8 Raxc8 19. Nf5 Nf2+ 20. Rxf2 Qxf2 21. Bd4 Qxe2 22.
Qxe2 Re8 23. Qd2 1-0

[Event "*** Titled Tuesday Blitz"]
[Site "Chess.com"]
[Date "2020.04.21"]
[Round "6"]
[White "Skatchkov_V"]
[Black "fridaywins"]
[Result "1-0"]
[WhiteElo "2562"]
[BlackElo "2306"]
[TimeControl "180+1"]
[EndTime "11:07:25 PDT"]
[Termination "Skatchkov_V won by resignation"]

1. d4 Nf6 2. c4 g6 3. Nf3 Bg7 4. g3 O-O 5. Bg2 d6 6. O-O c6 7. Nc3 Bf5 8. Nh4 Be6 9. b3 Qc8 10. Bb2 Bh3 11. e4 Bxg2 12. Nxg2 e5 13. dxe5 dxe5 14.
Qe2 Qh3 15. f3 Rd8 16. Nd1 Qe6 17. Nf2 c5 18. Ne3 Nc6 19. Nd5 Nd4 20. Qd3 Rac8 21.
Kg2 b6 22. Nd1 Nxd5 23. cxd5 Qd7 24. Ne3 b5 25. Rfc1 h5 26. h4 Bh6 27. Rd1 a6 28.
a4 Kg7 29. axb5 axb5 30. Ra6 f6 31. Rda1 Bxe3 32. Qxe3 Nc2 33. Qc1 Nxa1 34. Qxa1 c4 35. bxc4 bxc4 36. f4 exf4 37. Bxf6+ Kg8 38. Bxd8 Rxd8 39.
Rxg6+ Kf8 40. Qf6+ Qf7 41. Qxd8+ 1-0

[Event "*** Titled Tuesday Blitz"]
[Site "Chess.com"]
[Date "2020.04.21"]
[Round "6"]
[White "korkmaz16"]
[Black "The_Chess_Coach"]
[Result "0-1"]
[WhiteElo "2279"]
[BlackElo "2148"]
[TimeControl "180+1"]
[EndTime "11:07:26 PDT"]
[Termination "The_Chess_Coach won by checkmate"]

1. d4 Nf6 2. Nf3 g6 3. c4 Bg7 4. Nc3 O-O 5. Bg5 d6 6. e3 h6 7. Bh4 c5 8. d5 e6 9. Be2 exd5 10.
cxd5 g5 11. Bg3 Nh5 12. Nd2 Nxg3 13. hxg3 Nd7 14. Bd3 Ne5 15. Bc2 f5 16. Qh5 Bd7 17. O-O-O Be8 18. Qh3 Bg6 19. f3 b5 20. e4 b4 21. Ne2 f4 22. gxf4 gxf4 23. g3 fxg3 24.
Qxg3 Qf6 25. f4 Nd3+ 26. Qxd3 Qxb2# 0-1

[Event "*** Titled Tuesday Blitz"]
[Site "Chess.com"]
[Date "2020.04.21"]
[Round "6"]
[White "AnastasiaProtopopova"]
[Black "avocadosheena"]
[Result "1-0"]
[WhiteElo "2289"]
[BlackElo "2117"]
[TimeControl "180+1"]
[EndTime "11:07:26 PDT"]
[Termination "AnastasiaProtopopova won on time"]

1. d4 d5 2. c4 c6 3. Nf3 Nf6 4. Nc3 e6 5. Bg5 Nbd7 6. cxd5 exd5 7. Qc2 Be7 8. e3 O-O 9. Bd3 Re8 10. Bf4 Nf8 11. h3 Ng6 12. Bh2 Bd6 13. Bxd6 Qxd6 14. O-O Bd7 15. Rab1 a5 16. a3 Nf8 17. b4 axb4 18.
axb4 Rac8 19. Na4 b5 20. Nc5 Be6 21. Ne5 N8d7 22. f4 Nxc5 23. bxc5 Qc7 24. g4 Bd7 25. g5 Ne4 26. Bxe4 dxe4 27. Qxe4 g6 28. Qf3 Bf5 29. Ra1 Rcd8 30. Ra6 Bd7 31. Rfa1 1-0

[Event "*** Titled Tuesday Blitz"]
[Site "Chess.com"]
[Date "2020.04.21"]
[Round "6"]
[White "UmutErdemGunduz"]
[Black "zurzan"]
[Result "0-1"]
[WhiteElo "2355"]
[BlackElo "2019"]
[TimeControl "180+1"]
[EndTime "11:07:28 PDT"]
[Termination "zurzan won on time"]

1. e4 Nf6 2. e5 Nd5 3. d4 d6 4. Nf3 g6 5. Bc4 Nb6 6. Bb3 Bg7 7. Ng5 O-O 8. Qf3 e6 9. Qh3 h6 10. Nf3 Nc6 11. Bxh6 dxe5 12. Bxg7 Kxg7 13. dxe5 Nd4 14. O-O Nxf3+ 15. Qxf3 Qg5 16. Re1 Nd7 17.
Qe2 b6 18. Qe4 Ba6 19. Nc3 Nc5 20. Qe3 Bb7 21. f3 Qxe3+ 22. Rxe3 Rad8 23. Kf2 Rd2+ 24. Re2 Rfd8 25. Re1 Ba6 26. Rxd2 Rxd2+ 27. Ne2 Nxb3 28. axb3 Rxc2 29. Ke3 Rxb2 30. Nd4 c5 0-1

[Event "*** Titled Tuesday Blitz"]
[Site "Chess.com"]
[Date "2020.04.21"]
[Round "6"]
[White "GM_LOADING"]
[Black "Vincent_Vega95"]
[Result "0-1"]
[WhiteElo "2511"]
[BlackElo "2713"]
[TimeControl "180+1"]
[EndTime "11:07:29 PDT"]
[Termination "Vincent_Vega95 won by resignation"]

1. e4 c5 2. Nf3 d6 3. d4 cxd4 4. Nxd4 Nf6 5. Nc3 a6 6. Be2 e5 7. Nf3 h6 8. Nd2 b5 9. a4 b4 10.
Nd5 Nxd5 11. exd5 a5 12. Bb5+ Bd7 13. Nc4 Qc7 14. Ne3 g6 15. Qg4 h5 16. Qg3 Bh6 17.
O-O Bf4 18. Qf3 O-O 19. g3 Bh6 20. Bd2 Na6 21. Rad1 Nc5 22. Nc4 Bxd2 23. Rxd2 f5 24. Bxd7 Nxd7 25. b3 Nf6 26. Qe3 Kg7 27. f4 Ng4 28. Qe1 Qc5+ 29. Kg2 Rae8 30. h3 exf4 31. hxg4 Rxe1 32. Rxe1 f3+ 33. Kh2 fxg4 34. Re7+ Rf7 35. Re6 f2 0-1

[Event "*** Titled Tuesday Blitz"]
[Site "Chess.com"]
[Date "2020.04.21"]
[Round "6"]
[White "francyIM"]
[Black "BursaBBSatranc"]
[Result "0-1"]
[WhiteElo "2683"]
[BlackElo "2521"]
[TimeControl "180+1"]
[EndTime "11:07:30 PDT"]
[Termination "BursaBBSatranc won by resignation"]

1. c4 c6 2. d4 d5 3. Nf3 Nf6 4. e3 Bf5 5. Nc3 e6 6. Nh4 Bg6 7. Bd2 Nbd7 8. Nxg6 hxg6 9. h3 Bd6 10.
Qb3 Rb8 11. O-O-O a6 12. Kb1 dxc4 13. Bxc4 b5 14. Be2 c5 15. dxc5 Nxc5 16. Qc2 O-O 17. h4 b4 18. Na4 b3 19. axb3 Nxb3 20. Bc3 Nd5 21. Bc4 Nxc3+ 22. Qxc3 Na5 23. Be2 Rb3 24. Rxd6 Qxd6 25. Qxa5 Rfb8 26. Rc1 Qa3 27. Kc2 Rxb2+ 28. Kd1 Rxe2 29. Kxe2 Qxc1 30. Qxa6 Qc2+ 31. Kf3 Qf5+ 32. Kg3 Qe5+ 33. Kf3 Rb4 34. Qc8+ Kh7 35. Nc5 Rc4 0-1

[Event "*** Titled Tuesday Blitz"]
[Site "Chess.com"]
[Date "2020.04.21"]
[Round "6"]
[White "sergeikim"]
[Black "Korchmar_Vasiliy"]
[Result "0-1"]
[WhiteElo "2426"]
[BlackElo "2590"]
[TimeControl "180+1"]
[EndTime "11:07:33 PDT"]
[Termination "Korchmar_Vasiliy won by resignation"]

1. d4 Nf6 2. c4 e6 3. Nc3 Bb4 4. Qc2 b6 5. a3 Bxc3+ 6. Qxc3 Bb7 7. Nf3 O-O 8. g3 Ne4 9. Qc2 d6 10. Bg2 f5 11. O-O Nd7 12. Ng5 Nxg5 13. Bxb7 Rb8 14. Bg2 Qe7 15. b4 Rf7 16. f4 Ne4 17. Bxe4 fxe4 18.
Qxe4 Nf6 19. Qd3 d5 20. Bd2 Ne4 21. Rac1 Rbf8 22. Be3 h5 23. Rf3 Qf6 24. Rcf1 Qg6 25. Kh1 Qg4 26. cxd5 exd5 27. Qb5 Rf5 28. Qc6 R8f7 29.
Qe8+ Kh7 30. Qc6 Qh3 31. Qe6 Nxg3+ 32. Rxg3 Qxf1+ 33. Rg1 Qxe2 0-1